 Dungeon Crawl Stone Soup version 0.18.1-48-g4cf74bf (webtiles) character file.

37 meme the Grave Robber (level 3, -3/19 HPs)
             Began as a Deep Elf Necromancer on July 9, 2016.
             Killed by divine providence
             ... invoked by an orc priest
              (10 damage)
             ... on level 3 of the Dungeon.
             The game lasted 00:11:10 (964 turns).

meme the Grave Robber (Deep Elf Necromancer)         Turns: 964, Time: 00:11:11

Health: -3/19      AC:  2    Str:  6    XL:     3   Next: 23%
Magic:  3/10       EV: 13    Int: 19    God:
Gold:   63         SH:  0    Dex: 15    Spells: 3 memorised, 4 levels left

rFire  . . .     SeeInvis .     e - +0 short sword
rCold  . . .     Gourm    .     a - +0 robe
rNeg   . . .     Faith    .     (no shield)
rPois  .         Spirit   .     (no helmet)
rElec  .         Dismiss  .     (no cloak)
rCorr  .         Reflect  .     (no gloves)
SustAt .         Harm     .     (no boots)
MR     .....                    (no amulet)
Stlth  ++........               (no ring)
                                (no ring)

@: very slightly contaminated, not resistant to hostile enchantments, unstealthy
A: no striking features
a: no special abilities


You were on level 3 of the Dungeon.
You were hungry.

You visited 1 branch of the dungeon, and saw 3 of its levels.

You collected 63 gold pieces.

Inventory:

Hand Weapons
 e - a +0 short sword (weapon)
 k - a +0 hunting sling
Missiles
 l - 20 stones (quivered)
Armour
 a - a +0 robe (worn)
Scrolls
 g - a scroll of amnesia {unknown}
Potions
 h - 2 potions of might
 i - a potion of heal wounds {unknown}
 j - a potion of resistance {unknown}
 m - a potion of brilliance {unknown}
Books
 b - a book of Necromancy

   Spells                             Type                      Level
   a - Pain                           Necromancy                   1
   b - Animate Skeleton               Necromancy                   1
   c - Vampiric Draining              Necromancy                   3
   d - Regeneration                   Charms/Necromancy            3
   e - Animate Dead                   Necromancy                   4
   f - Control Undead                 Necromancy                   4
Comestibles
 c - a bread ration
 d - 3 fruits
 f - a royal jelly


   Skills:
 + Level 2.6 Dodging
 + Level 2.7 Stealth
 + Level 3.7 Spellcasting
 + Level 5.5 Necromancy


You had 4 spell levels left.
You knew the following spells:

 Your Spells              Type           Power        Failure   Level  Hunger
a - Pain                  Necr           ###.         1%          1    None
b - Animate Skeleton      Necr           N/A          1%          1    None
c - Regeneration          Chrm/Necr      ##........   14%         3    ###....


Dungeon Overview and Level Annotations

Branches:
Dungeon (3/15)

Altars:


Message History

The orc priest shouts!
Found a plate armour.
The orc priest calls down the wrath of Beogh upon you.
Pain shoots through your body!
Ouch! That really hurt!
Your magical contamination has completely faded away.
You swap places.
Casting: Pain
Confirm with . or Enter, or press ? or * to list all spells.
You miscast Regeneration.
You are very lightly contaminated with residual magic.
Waves of light ripple over your body.
You are feeling hungry.
The orc priest hits your quokka skeleton with a short sword.
Your quokka skeleton is destroyed!
A giant gecko comes into view.
The orc priest calls down the wrath of Beogh upon you.
Beogh smites you!
Ouch! That really hurt!
You die...

## ######## .# #......# .#
#......# .# #......# .#
#.[....# .# #......#
.########## #......#
..........#####.^....########
..>.......'...'.@.....ol.....
..........#####......#.......
##'########## ########....o..
#.##.......# ..[...o
#.##.......##########.........#
#..'..........................+
#.##.......###...####.........#
#.##.......###...####.........#
#..............................


You could see an orc priest and a giant gecko (wandering).

Vanquished Creatures
  An adder (D:2)
  A giant gecko (D:2)
  A ball python (D:1)
  3 giant cockroaches
  3 hobgoblins
  A kobold (D:1)
  2 quokkas (D:3)
  3 bats
  2 giant newts (D:1)
  3 goblins
  5 rats
25 creatures vanquished.

Vanquished Creatures (collateral kills)
  A giant cockroach (D:3)
1 creature vanquished.

Grand Total: 26 creatures vanquished

Notes
Turn   | Place    | Note
--------------------------------------------------------------
     0 | D:1      | meme the Deep Elf Necromancer began the quest for the Orb.
     0 | D:1      | Reached XP level 1. HP: 10/10 MP: 6/6
    43 | D:1      | Learned a level 1 spell: Animate Skeleton
    78 | D:1      | Reached skill level 5 in Necromancy
   458 | D:1      | Reached XP level 2. HP: 14/15 MP: 5/8
   633 | D:2      | Reached XP level 3. HP: 8/19 MP: 6/10
   919 | D:3      | Learned a level 3 spell: Regeneration
   964 | D:3      | Killed from afar by an orc priest

Skill      XL: |  1 |
---------------+----+-----
Necromancy     | 5 |  5.5
Dodging        | |  2.6
Stealth        | |  2.7
Spellcasting   | |  3.7

Action                   || total
-------------------------++-------
Melee: Short sword       ||    10
 Fire: Hunting sling     ||     2
 Cast: Pain              ||    40
       Animate Skeleton  ||     5
       Regeneration      ||     1
  Use: Potion            ||     1
Armor: Robe              ||     3
Dodge: Dodged            ||    13
